 Dungeon Crawl Stone Soup version 0.31-a0-844-gdc52ec4e09 (webtiles) character file.

Game seed: 5079443124067594733

755 pop123321pop the Magician (level 7, -12/32 HPs)
             Began as a Vine Stalker Conjurer on Oct 1, 2023.
             Killed from afar by a steam dragon (14 damage)
             ... with a ball of steam
             ... on level 6 of the Dungeon.
             The game lasted 00:10:20 (5257 turns).

pop123321pop the Magician (Vine Stalker Conjurer)   Turns: 5257, Time: 00:10:21

Health: -12/32     AC:  6    Str:  7    XL:     7   Next: 79%
Magic:  0/26       EV: 14    Int: 23    God:
Gold:   185        SH:  0    Dex: 16    Spells: 12/18 levels left

rFire   . . .        (no weapon)
rCold   . . .        (no shield)
rNeg    . . .        a - +0 robe
rPois   .            (no helmet)
rElec   .            (no cloak)
rCorr   .            (no gloves)
SInv    .            (no boots)
Will    .....        (no amulet)
Stlth   ++           h - ring of magical power
HPRegen 1.05/turn    p - +4 ring of protection
MPRegen 0.20/turn

%: guardian spirit
@: no status effects
A: fangs 2, regeneration 1, magic shield, antimagic bite, no potion heal 2,
agile 1, clever 1
a: no special abilities


You were on level 6 of the Dungeon.
You visited 1 branch of the dungeon, and saw 6 of its levels.

You collected 185 gold pieces.

Inventory:

Armour
 a - a +0 robe (worn)
Jewellery
 h - a ring of magical power (left hand)
 k - a ring of ice
 p - a +4 ring of protection (right hand)
Wands
 d - a wand of paralysis (6)
 m - a wand of flame (16)
Scrolls
 b - a scroll of amnesia
 g - a scroll of revelation
 i - a scroll of noise
 j - 2 scrolls of blinking
 o - a scroll of fog
Potions
 c - 2 potions of curing
 e - a potion of resistance {unknown}
 f - a potion of attraction {unknown}
 l - a potion of brilliance {unknown}
 q - a potion of enlightenment
 t - a potion of degeneration {unknown}


   Skills:
 * Level 4.3 Dodging
 - Level 2.4 Stealth
 - Level 6.3 Spellcasting
 - Level 5.0 Conjurations


You had 12 spell levels left.
You knew the following spells:

 Your Spells              Type           Power      Damage    Failure   Level
a - Magic Dart            Conj           100%       1d8       1%          1
b - Searing Ray           Conj           60%        2d6       1%          2
c - Dazzling Flash        Conj/Hex       36%        N/A       9%          3

Your spell library contained the following spells:

 Spells                   Type           Power      Damage    Failure   Level
 Fulminant Prism          Conj/Hex       9%         3d7       28%         4
 Iskenderun's Mystic Bla  Conj/Tloc      18%        2d6       28%         4


Dungeon Overview and Level Annotations

Branches:
Dungeon (6/15)             Temple (0/1) D:4

Altars:
Hepliaklqana
Ru
Trog
Uskayaw
Xom

Shops:
D:3 ?*!?


Innate Abilities, Weirdness & Mutations

You have extremely sharp teeth.
Your natural rate of healing is unusually fast.
When hurt, damage is shared between your health and your magic reserves.
Your bite disrupts and absorbs the magic of your enemies.
Potions cannot restore your health.
You are agile. (Dex +4, Str/Int -1)
Your mind is acute. (Int +4, Str/Dex -1)


Message History

You can't see any susceptible monsters within range! (Use Z to cast anyway.)
You are engulfed in a cloud of scalding steam.
Okay, then.
Casting: Magic Dart (safe; 1% risk of failure)
Confirm with . or Enter, or press ? or * to list all spells.
You don't know that spell.
Casting: Magic Dart (safe; 1% risk of failure)
Confirm with . or Enter, or press ? or * to list all spells.
Aiming: Searing Ray (safe; 1% risk of failure)
Press: ? - help, Shift-Dir - straight line, f/p - steam dragon
Aim: a steam dragon (moderately wounded, 79% to hit)
The searing ray hits the steam dragon.
The steam dragon is moderately wounded. (Press . to maintain the ray.)
The searing ray hits the steam dragon.
The steam dragon is heavily wounded.
The searing ray hits the steam dragon.
The steam dragon is severely wounded.
The steam dragon breathes steam at you. The ball of steam hits you!
Casting: Searing Ray (safe; 1% risk of failure)
Confirm with . or Enter, or press ? or * to list all spells.
Restarting spell: Searing Ray (safe; 1% risk of failure)
Press: ? - help, Shift-Dir - straight line, f/p - steam dragon
Aim: a steam dragon (severely wounded, catching its breath, 79% to hit)
The searing ray hits the steam dragon.
The steam dragon is severely wounded. (Press . to maintain the ray.)
You are engulfed in a cloud of scalding steam.
The searing ray misses the steam dragon.
You are engulfed in a cloud of scalding steam.
The steam dragon bites you.
* * * LOW HITPOINT WARNING * * *
The steam dragon barely misses you.
Without enough magic to sustain it, your searing ray dissipates.
You are engulfed in a cloud of scalding steam.
* * * LOW HITPOINT WARNING * * *
The steam dragon breathes steam at you. The ball of steam hits you!
You die...

#####.####
#........#
#........#
#........#
###........#
#..........#
#.#####§####
..## #D#
....###@###
#...§.§.#
#.##.§.§.#
##.§..######
###§........
##.#...######
#.⌠.#...#
#.#.#....#
###.##.#


You could see a steam dragon (catching breath).

Vanquished Creatures
  An acid dragon (D:6)
  An ogre (D:5)
  A phantom (D:6)
  2 scorpions
  A howler monkey (D:6)
  3 hounds
  A jelly (D:4)
  A sleepcap (D:4)
  3 orc wizards
  3 adders
  A white imp (D:5)
  5 dart slugs
  10 orcs
  2 ball pythons
  3 endoplasms
  4 giant cockroaches
  A hobgoblin (D:4)
  3 jackals (D:4)
  8 kobolds
  2 quokkas
  A bat (D:1)
  4 frilled lizards
  3 goblins
  2 rats
66 creatures vanquished.

Notes
Turn   | Place    | Note
-------+----------+-------------------------------------------
     0 | D:1      | pop123321pop the Vine Stalker Conjurer began the quest for
                  | the Orb.
     0 | D:1      | Reached XP level 1. HP: 9/9 MP: 4/4
   127 | D:1      | Found a faded altar of an unknown god.
   454 | D:1      | Reached XP level 2. HP: 13/13 MP: 3/6
  1467 | D:2      | Reached XP level 3. HP: 16/16 MP: 4/7
  1516 | D:2      | Reached skill level 5 in Conjurations
  1963 | D:3      | Found Weixt's Magic Scroll Boutique.
  2055 | D:3      | Found a hazy altar of Hepliaklqana.
  2138 | D:3      | Found Inlesyny's General Store.
  2138 | D:3      | Found a sacrificial altar of Ru.
  2167 | D:3      | Found Kulaen's Magic Scroll Shoppe.
  2268 | D:3      | Found Tauzeeto's Distillery.
  2712 | D:3      | Gained mutation: You are agile. (Dex +4, Str/Int -1)
                  | [potion of mutation]
  2712 | D:3      | Gained mutation: Your mind is acute. (Int +4, Str/Dex -1)
                  | [potion of mutation]
  2718 | D:3      | Reached skill level 3 in Spellcasting
  2718 | D:3      | Reached XP level 4. HP: 11/21 MP: 6/10
  2857 | D:4      | Noticed a scorpion
  2862 | D:4      | Learned a level 2 spell: Searing Ray
  2884 | D:4      | Learned a level 3 spell: Dazzling Flash
  2934 | D:4      | HP: 1/21 [scorpion (4)]
  3172 | D:4      | Reached skill level 4 in Spellcasting
  3440 | D:4      | Killed a scorpion
  3441 | D:4      | Reached XP level 5. HP: 24/24 MP: 5/13
  3511 | D:4      | You fall into a shaft and drop 2 floors!
  3513 | D:6      | Noticed a kobold brigand
  3516 | D:5      | Entered Level 5 of the Dungeon
  3521 | D:5      | Reached skill level 5 in Spellcasting
  3595 | D:4      | Reached XP level 6. HP: 25/28 MP: 2/15
  3797 | D:4      | Found a staircase to the Ecumenical Temple.
  4104 | D:5      | Found a bloodstained altar of Trog.
  4242 | D:5      | Reached skill level 6 in Spellcasting
  4513 | D:5      | Reached XP level 7. HP: 32/32 MP: 7/17
  4705 | D:5      | Found a hide-covered altar of Uskayaw.
  4792 | D:5      | Found a shimmering altar of Xom.
  5243 | D:6      | Noticed a steam dragon
  5257 | D:6      | HP: 1/32 [steam dragon] (8)]
  5257 | D:6      | Killed from afar by a steam dragon

Illustrated notes

Levels and vault maps discovered:
D:1:      dpeg_arrival_simpleton_c, layout_loops_cross,
          hellmonk_ecumenical_altar_zigzags, patterned_corridor
D:2:      wad_pebble_path, layout_basic
D:3:      layout_loops_ring, nicolae_overflow_hidden_temple,
          mainiacjoe_overflow_paths, serial_shops, shop, shop, shop_scrolls,
          shop
D:4:      layout_loops_ring, minmay_temple_entry_junction
D:5:      layout_rooms, mainiacjoe_overflow_catwalk,
          mainiacjoe_overflow_alcove_1,
          nicolae_uskayaw_murder_on_the_dancefloor, minivault_19
D:6:      layout_basic, serial_shops, nicolae_shop_tiny_waterfront, shop,
          nicolae_lakefront_shop, shop, grunt_decor_mini_mirrors,
          uniq_crazy_yiuf_cottage

Skill      XL: |  1  2  3  4  5  6  7 |
---------------+----------------------+-----
Conjurations   | 5 |  5.0
Spellcasting   | 3 4 5 6 |  6.3
Dodging        | 2 4 |  4.3
Stealth        | |  2.4

Action                     |  1- 3 |  4- 6 |  7- 9 || total
---------------------------+-------+-------+-------++-------
  Melee: Unarmed           |    22 |     9 |     6 ||    37
         Bite              |     6 |     4 |     2 ||    12
   Cast: Magic Dart        |    58 |    67 |    26 ||   151
         Searing Ray       |       |    13 |     8 ||    21
    Use: Potion            |     6 |     1 |       ||     7
         Scroll            |     2 |     1 |     6 ||     9
   Stab: Sleeping          |     3 |       |       ||     3
 Armour: Robe              |    42 |    30 |    28 ||   100
  Dodge: Dodged            |    37 |    36 |     4 ||    77

Table legend: (Time is in decaauts)
 A = Elapsed time spent in this place.
 B = Non-inter-level travel time spent in this place.
 C = Inter-level travel time spent in this place.
 D = Time resting spent in this place.
 E = Time spent auto-exploring this place.
 F = Levels seen in this place.
 G = Mean time per level.
                   A        B        C        D        E       F      G
               +--------+--------+--------+--------+--------+-----+--------+
         Total |   5256 |   5063 |    193 |    311 |   4153 |   6 |  876.0 |
       Dungeon |   5256 |   5063 |    193 |    311 |   4153 |   6 |  876.0 |
               +--------+--------+--------+--------+--------+-----+--------+

Top non-repeatable levels by time:
     D:3: 1152 daAuts
     D:4: 1091 daAuts
     D:1: 973 daAuts
     D:5: 934 daAuts
     D:2: 906 daAuts
     D:6: 198 daAuts
